 Dungeon Crawl Stone Soup version 0.28-a0-529-g3bad584f25 (webtiles) character file.

Game seed: 13659617223087761311

2996 Atlas the Magician (level 9, -4/64 HPs)
             Began as a Demigod Earth Elementalist on Sept 24, 2021.
             Slain by a four-headed hydra (9 damage)
             ... on level 7 of the Dungeon.
             The game lasted 00:07:55 (7758 turns).

Atlas the Magician (Demigod Earth Elementalist)     Turns: 7758, Time: 00:07:56

Health: -4/64      AC:  5    Str:  9    XL:     9   Next: 29%
Magic:  6/24       EV: 11    Int: 29    God:
Gold:   287        SH:  3    Dex: 14    Spells: 17/23 levels left

rFire   + + .      SeeInvis .   x - +3 flail
rCold   . . .      Faith    .   w - +0 buckler
rNeg    + + .      Spirit   .   A - +1 leather armour of Restlessness {rN++ Slay+3}
rPois   .          Reflect  .   (no helmet)
rElec   .          Harm     .   k - +0 cloak
rCorr   .          Rampage  .   (no gloves)
Will    .....                   (no boots)
Stlth   ++........              a - amulet of the acrobat
HPRegen 0.20/turn               s - ring of protection from fire
MPRegen 0.19/turn               p - ring of protection from fire

@: no status effects
A: high mp 1, forlorn
a: no special abilities


You were on level 7 of the Dungeon.
You visited 1 branch of the dungeon, and saw 7 of its levels.

You collected 287 gold pieces.

Inventory:

Hand Weapons
 x - a +3 flail (weapon)
Missiles
 c - 68 stones
 z - 3 curare-tipped darts
Armour
 k - a +0 cloak (worn)
 w - a +0 buckler (worn)
 A - the +1 leather armour of Restlessness (worn) {rN++ Slay+3}
   (You found it on level 6 of the Dungeon)

   Slay:      It affects your accuracy & damage with ranged weapons and melee
   (+3).
   rN:        It greatly protects you from negative energy.
Jewellery
 a - an amulet of the acrobat (around neck)
 p - a ring of protection from fire (right hand)
 s - a ring of protection from fire (left hand)
Wands
 l - a wand of paralysis (4)
 o - a wand of polymorph (13)
 B - a wand of charming (10)
Scrolls
 e - 4 scrolls of identify {unknown}
 g - a scroll of fear {unknown}
 h - a scroll of summoning {unknown}
 i - a scroll of enchant armour {unknown}
 j - 2 scrolls of enchant weapon {unknown}
 n - a scroll of fog {unknown}
 r - a scroll of teleportation {unknown}
 t - a scroll of amnesia {unknown}
 y - a scroll of noise {unknown}
Potions
 b - a potion of curing {unknown}
 d - a potion of ambrosia {unknown}
 f - 2 potions of lignification {unknown}
 m - a potion of flight {unknown}
 q - a potion of resistance {unknown}
 u - a potion of brilliance {unknown}
 v - 2 potions of invisibility {unknown}
 C - 2 potions of might {unknown}


   Skills:
 + Level 1.4 Fighting
 + Level 0.5 Short Blades
 + Level 0.9 Maces & Flails
 + Level 3.4 Armour
 + Level 2.7 Dodging
 + Level 2.7 Stealth
 + Level 0.3 Shields
 + Level 7.6 Spellcasting
 + Level 1.6 Conjurations
 + Level 0.8 Transmutations
 + Level 7.5 Earth Magic
 + Level 0.8 Evocations


You had 17 spell levels left.
You knew the following spells:

 Your Spells              Type           Power      Damage    Failure   Level
a - Sandblast             Erth           100%       2d20      1%          1
b - Passwall              Tmut/Erth      29%        N/A       2%          2
c - Stone Arrow           Conj/Erth      74%        3d11      4%          3

Your spell library contained the following spells:

 Spells                   Type           Power      Damage    Failure   Level
 Magic Dart               Conj           80%        1d7       5%          1
 Animate Skeleton         Necr           22%        N/A       11%         1
 Apportation              Tloc           22%        N/A       11%         1
 Pain                     Necr           44%        1d6       11%         1
 Summon Small Mammal      Summ           44%        N/A       11%         1
 Static Discharge         Conj/Air       15%        N/A       12%         2
 Call Imp                 Summ           11%        N/A       16%         2
 Scorch                   Fire           22%        2d6       16%         2
 Petrify                  Tmut/Erth      35%        N/A       19%         4
 Conjure Flame            Conj/Fire      15%        6-21      22%         3
 Mephitic Cloud           Conj/Pois/Air  14%        N/A       26%         3
 Ignite Poison            Fire/Tmut/Pois 12%        N/A       28%         3
 Gell's Gravitas          Tloc           5%         N/A       32%         3
 Lesser Beckoning         Tloc           11%        N/A       32%         3
 Teleport Other           Tloc           11%        N/A       32%         3
 Vampiric Draining        Necr           5%         2d6       32%         3
 Flame Wave               Conj/Fire      15%        3d5       58%         4
 Sticky Flame             Conj/Fire      15%        2d4       58%         4
 Lightning Bolt           Conj/Air       7%         1d20      91%         5
 Summon Cactus Giant      Summ           5%         N/A       100%        6
 Maxwell's Capacitive Co  Air            5%         ∞         100%        8


Dungeon Overview and Level Annotations

Branches:
Dungeon (7/15)             Temple (0/1) D:4


Innate Abilities, Weirdness & Mutations

Your attributes grow dramatically as you level up.
You have an increased reservoir of magic. (+10% MP)
You shall have no god before yourself.


Message History

Aim: a four-headed hydra (91% to hit)
The stone arrow hits the four-headed hydra!
The four-headed hydra is lightly wounded.
The four-headed hydra bites you but does no damage.
The four-headed hydra barely misses you. x2
The four-headed hydra bites you.
Casting: Stone Arrow (dangerous; 4% risk of failure)
Confirm with . or Enter, or press ? or * to list all spells.
Aiming: Stone Arrow (dangerous; 4% risk of failure)
Press: ? - help, Shift-Dir - straight line, f/p - four-headed hydra
Aim: a four-headed hydra (lightly wounded, 91% to hit)
The stone arrow hits the four-headed hydra!!
The four-headed hydra is heavily wounded.
The four-headed hydra bites you but does no damage.
The four-headed hydra bites you.
The four-headed hydra completely misses you. x2
Casting: Stone Arrow (dangerous; 4% risk of failure)
Confirm with . or Enter, or press ? or * to list all spells.
Aiming: Stone Arrow (dangerous; 4% risk of failure)
Press: ? - help, Shift-Dir - straight line, f/p - four-headed hydra
Aim: a four-headed hydra (heavily wounded, 91% to hit)
The stone arrow hits the four-headed hydra!!
The four-headed hydra is severely wounded.
The four-headed hydra bites you!
The four-headed hydra closely misses you.
The four-headed hydra bites you!
The four-headed hydra barely misses you.
Casting: Stone Arrow (dangerous; 4% risk of failure)
Confirm with . or Enter, or press ? or * to list all spells.
Aiming: Stone Arrow (dangerous; 4% risk of failure)
Press: ? - help, Shift-Dir - straight line, f/p - four-headed hydra
Aim: a four-headed hydra (severely wounded, 91% to hit)
The stone arrow hits the four-headed hydra!!
The four-headed hydra is almost dead.
The four-headed hydra bites you! x2
* * * LOW HITPOINT WARNING * * *
The four-headed hydra bites you!
* * * LOW HITPOINT WARNING * * *
The four-headed hydra bites you!
You die...

##..................#...##..
#...........................
####.##)....../..............#
##......).................#...#
#.......†..............#.#<....
.......................###.##.#
########.#########......##......
#...............#...............
#.♣♣♣♣♣...♣♣♣♣♣@#...............
♣.♣.♣ ♣D#...........##..
#.♣♣♣♣♣)..♣♣♣♣♣y# ....##.##..
#..........y....# .... ......
########.######## #..#...
♣.♣♣♣♣♣♣♣ . #...


♣PPP...♣DW.PPP♣ #... ♣P≈P..###y.P≈P♣ ♣PPP.. #..PPP♣ You could see a four-headed
hydra and a vampire mosquito.

Vanquished Creatures
  4 yaks
  Sigmund (D:3)
  Menkaure (D:7)
  3 necrophages
  3 ice beasts
  2 centaurs
  2 ogres
  2 phantoms
  A gnoll sergeant (D:6)
  A bullfrog (D:6)
  2 scorpions
  A water moccasin skeleton (D:4)
  5 wights (D:6)
  A bullfrog zombie (D:6)
  A gnoll shaman (D:7)
  A hound (D:7)
  2 bullfrog skeletons (D:5)
  2 orc priests (D:6)
  3 jellies
  An iguana (D:6)
  3 orc wizards (D:6)
  A killer bee zombie (D:6)
  A hound skeleton (D:4)
  3 gnolls (D:6)
  3 adders
  A white imp (D:6)
  An adder skeleton (D:4)
  2 worms (D:3)
  2 dart slugs
  13 orcs
  6 ball pythons
  11 endoplasms
  8 goblins
  3 hobgoblins
  10 jackals
  4 quokkas
  4 bats (D:1)
  7 kobolds
  7 rats
129 creatures vanquished.

Vanquished Creatures (others)
  4 plants (D:7)
4 creatures vanquished.

Grand Total: 133 creatures vanquished

Notes
Turn   | Place    | Note
-------+----------+-------------------------------------------
     0 | D:1      | Atlas the Demigod Earth Elementalist began the quest for
                  | the Orb.
     0 | D:1      | Reached XP level 1. HP: 14/14 MP: 5/5
   306 | D:1      | Reached XP level 2. HP: 20/20 MP: 3/7
  1169 | D:2      | Reached XP level 3. HP: 26/26 MP: 6/9
  1172 | D:2      | Learned a level 2 spell: Passwall
  1176 | D:2      | Learned a level 3 spell: Stone Arrow
  2552 | D:3      | Noticed Sigmund
  2568 | D:3      | Killed Sigmund
  2569 | D:3      | Reached XP level 4. HP: 33/33 MP: 1/12
  2569 | D:3      | Reached XP level 5. HP: 38/38 MP: 1/13
  3110 | D:4      | Noticed an ogre
  3115 | D:4      | Killed an ogre
  3116 | D:4      | Reached XP level 6. HP: 37/45 MP: 7/15
  3308 | D:4      | Reached skill level 1 in Armour
  3969 | D:4      | Found a staircase to the Ecumenical Temple.
  4064 | D:4      | Reached skill level 5 in Earth Magic
  4183 | D:5      | Entered Level 5 of the Dungeon
  4188 | D:5      | Noticed a yak
  4188 | D:5      | Noticed a yak
  4189 | D:5      | Noticed a yak
  4190 | D:5      | Noticed a yak
  4195 | D:5      | Killed a yak
  4196 | D:5      | Reached skill level 5 in Spellcasting
  4196 | D:5      | Reached XP level 7. HP: 26/51 MP: 11/18
  4206 | D:5      | Killed a yak
  4229 | D:4      | Killed a yak
  4757 | D:4      | Killed a yak
  4758 | D:4      | Reached XP level 8. HP: 46/58 MP: 16/20
  5581 | D:6      | Reached skill level 1 in Fighting
  5948 | D:6      | Reached skill level 1 in Conjurations
  6734 | D:6      | Identified the +1 leather armour of Restlessness {rN++
                  | Slay+3}
  7026 | D:6      | Reached XP level 9. HP: 58/64 MP: 18/23
  7660 | D:7      | Noticed Menkaure
  7667 | D:7      | Killed Menkaure
  7739 | D:7      | Noticed a four-headed hydra
  7758 | D:7      | Slain by a four-headed hydra

Illustrated notes

Levels and vault maps discovered:
D:1:      mrwooster_arrival_statue_3, layout_basic,
          shapermc_ecumenical_altar_venn, minmay_tripent
D:2:      layout_basic, roderic_roman_lattice
D:3:      layout_loops_ring, supply_closet_lemuel, grunt_decor_resistance,
          uniq_sigmund
D:4:      layout_basic, makhleb_blood_cavern_becter, minmay_temple_entry_wispy,
          kennysheep_generic_room_14
D:5:      layout_loops_cross, ashenzari_conservatory_becter, minivault_4
D:6:      layout_layer_cave
D:7:      nzn_winding_woodlands_cross [nzn_winding_woodlands_5x15_parted,
          nzn_winding_woodlands_5x15_concentric, nzn_winding_woodlands_5x15_eye,
          nzn_winding_woodlands_5x15_twine,
          nzn_winding_woodlands_15x15_five_gardens], layout_cave_pools,
          mainiacjoe_overflow_large_starburst,
          mainiacjoe_overflow_surrounded_room, uniq_menkaure

Skill      XL: |  1  2  3  4  5  6  7  8  9 |
---------------+----------------------------+-----
Spellcasting   | 2 3 4 5 7 |  7.6
Earth Magic    | 3 4 5 6 7 |  7.5
Stealth        | 2 |  2.7
Dodging        | 2 |  2.7
Armour         | 1 2 3 |  3.4
Fighting       | 1 |  1.4
Conjurations   | 1 |  1.6
Short Blades   | |  0.5
Maces & Flails | |  0.9
Shields        | |  0.3
Transmutations | |  0.8
Evocations     | |  0.8

Action                   |  1- 3 |  4- 6 |  7- 9 || total
-------------------------+-------+-------+-------++-------
Melee: Unarmed           |     1 |       |       ||     1
       Dagger            |     7 |     8 |    21 ||    36
       Flail             |       |       |     9 ||     9
 Cast: Sandblast         |    69 |    48 |    87 ||   204
       Stone Arrow       |     2 |     4 |    28 ||    34
Evoke: Wand              |       |       |     5 ||     5
  Use: Potion            |     1 |       |     1 ||     2
 Stab: Sleeping          |     1 |       |       ||     1
Armor: Leather armour    |       |     4 |    21 ||    25
Dodge: Dodged            |    11 |    15 |    51 ||    77
Block: Buckler           |       |       |     8 ||     8

Table legend: (Time is in decaauts)
 A = Elapsed time spent in this place.
 B = Non-inter-level travel time spent in this place.
 C = Inter-level travel time spent in this place.
 D = Time resting spent in this place.
 E = Time spent auto-exploring this place.
 F = Levels seen in this place.
 G = Mean time per level.
                   A        B        C        D        E       F      G
               +--------+--------+--------+--------+--------+-----+--------+
         Total |   7760 |   7562 |    198 |    605 |   6068 |   7 | 1108.6 |
       Dungeon |   7760 |   7562 |    198 |    605 |   6068 |   7 | 1108.6 |
               +--------+--------+--------+--------+--------+-----+--------+

Top non-repeatable levels by time:
     D:6: 2055 daAuts
     D:4: 1619 daAuts
     D:1: 1129 daAuts
     D:3: 1071 daAuts
     D:2: 891 daAuts
     D:5: 854 daAuts
     D:7: 137 daAuts
